Workbook

Sheet Base de connaissances
A1: Base de connaissances FAQ
A2: Une ligne par fiche réponse. Remplacez chaque [crochet], puis ajoutez la source, le responsable et la date de votre vérification. Prochaine révision et Statut se remplissent automatiquement.
A4: Catégorie | B4: Question | C4: Autres formulations | D4: Réponse | E4: Lien | F4: Source | G4: Responsable | H4: Dernière révision | I4: Fréquence de révision, jours | J4: Prochaine révision | K4: Statut
A5: Tarifs et formules | B5: Combien coûte [service] ? | C5: Quels sont vos tarifs ? C’est combien ? Je peux avoir un devis ? | D5: Le tarif de [service] commence à [prix] et comprend [ce qui est inclus]. Le prix final dépend de [critères]. Pour un devis précis, envoyez-nous [informations] et nous vous répondrons d’ici [délai]. | E5: [lien] | F5: Grille tarifaire en vigueur | G5: Dirigeant ou responsable commercial | I5: 30 | J5: =IF(OR(H5="",I5=""),"",H5+I5) | K5: =IF(B5="","",IF(D5="","Réponse manquante",IF(ISNUMBER(SEARCH("[",D5)),"À compléter",IF(F5="","Source manquante",IF(H5="","Non révisée",IF(J5<=TODAY(),"À réviser","OK")))))) | M5: Tarifs et formules
A6: Tarifs et formules | B6: Proposez-vous des remises ? | C6: Vous avez des promos en ce moment ? Il y a une option moins chère ? | D6: Nous proposons [remise] pour [qui ou quand]. Les autres remises ne sont pas disponibles dans le chat, mais [collègue] peut étudier les cas particuliers. | E6: [lien] | F6: Grille tarifaire en vigueur | G6: Dirigeant ou responsable commercial | I6: 30 | J6: =IF(OR(H6="",I6=""),"",H6+I6) | K6: =IF(B6="","",IF(D6="","Réponse manquante",IF(ISNUMBER(SEARCH("[",D6)),"À compléter",IF(F6="","Source manquante",IF(H6="","Non révisée",IF(J6<=TODAY(),"À réviser","OK")))))) | M6: Disponibilités et réservation
A7: Tarifs et formules | B7: La première consultation est-elle gratuite ? | C7: Il y a un essai gratuit ? Je peux essayer avant de payer ? | D7: Oui, [option gratuite] ne vous coûte rien et dure [durée]. Vous pouvez réserver ici : [lien]. | E7: [lien] | F7: Grille tarifaire en vigueur | G7: Dirigeant ou responsable commercial | I7: 30 | J7: =IF(OR(H7="",I7=""),"",H7+I7) | K7: =IF(B7="","",IF(D7="","Réponse manquante",IF(ISNUMBER(SEARCH("[",D7)),"À compléter",IF(F7="","Source manquante",IF(H7="","Non révisée",IF(J7<=TODAY(),"À réviser","OK")))))) | M7: Ce que vous faites ou non
A8: Tarifs et formules | B8: Comment puis-je payer ? | C8: Vous acceptez la carte ? Je peux payer sur facture ? | D8: Nous acceptons [moyens de paiement]. Les factures sont payables sous [nombre] jours. | E8: [lien] | F8: Grille tarifaire en vigueur | G8: Dirigeant ou responsable commercial | I8: 30 | J8: =IF(OR(H8="",I8=""),"",H8+I8) | K8: =IF(B8="","",IF(D8="","Réponse manquante",IF(ISNUMBER(SEARCH("[",D8)),"À compléter",IF(F8="","Source manquante",IF(H8="","Non révisée",IF(J8<=TODAY(),"À réviser","OK")))))) | M8: Délais et livraison
A9: Tarifs et formules | B9: Y a-t-il des frais supplémentaires ? | C9: Tout est compris ? Il y a des frais cachés ? | D9: Nos prix comprennent [éléments inclus]. Des frais supplémentaires s’appliquent uniquement pour [éléments], et nous vous les confirmons toujours avant tout paiement. | E9: [lien] | F9: Grille tarifaire en vigueur | G9: Dirigeant ou responsable commercial | I9: 30 | J9: =IF(OR(H9="",I9=""),"",H9+I9) | K9: =IF(B9="","",IF(D9="","Réponse manquante",IF(ISNUMBER(SEARCH("[",D9)),"À compléter",IF(F9="","Source manquante",IF(H9="","Non révisée",IF(J9<=TODAY(),"À réviser","OK")))))) | M9: Remboursement, annulation, garantie
A10: Disponibilités et réservation | B10: Quel est votre prochain créneau disponible ? | C10: Vous pouvez venir cette semaine ? Vous êtes dispo demain ? | D10: Vous pouvez voir tous les créneaux libres et réserver ici : [lien de réservation]. Si aucun ne vous convient, indiquez-nous les jours qui vous arrangent et nous vérifierons. | E10: [lien] | F10: Calendrier de réservation | G10: Responsable administratif | I10: 7 | J10: =IF(OR(H10="",I10=""),"",H10+I10) | K10: =IF(B10="","",IF(D10="","Réponse manquante",IF(ISNUMBER(SEARCH("[",D10)),"À compléter",IF(F10="","Source manquante",IF(H10="","Non révisée",IF(J10<=TODAY(),"À réviser","OK")))))) | M10: Contact et support
A11: Disponibilités et réservation | B11: Quels sont vos horaires d’ouverture ? | C11: Vous êtes ouverts le week-end ? Quand est-ce que je peux appeler ? | D11: Nous sommes ouverts [jours] de [horaires] ([fuseau horaire]). Les messages envoyés en dehors de ces horaires reçoivent une réponse avant [heure]. | E11: [lien] | F11: Calendrier de réservation | G11: Responsable administratif | I11: 7 | J11: =IF(OR(H11="",I11=""),"",H11+I11) | K11: =IF(B11="","",IF(D11="","Réponse manquante",IF(ISNUMBER(SEARCH("[",D11)),"À compléter",IF(F11="","Source manquante",IF(H11="","Non révisée",IF(J11<=TODAY(),"À réviser","OK"))))))
A12: Disponibilités et réservation | B12: Combien de temps à l’avance dois-je réserver ? | C12: Je peux réserver pour la semaine prochaine ? Il y a une liste d’attente ? | D12: Il faut en général réserver [délai] à l’avance. Pour les demandes urgentes, [option urgente]. | E12: [lien] | F12: Calendrier de réservation | G12: Responsable administratif | I12: 7 | J12: =IF(OR(H12="",I12=""),"",H12+I12) | K12: =IF(B12="","",IF(D12="","Réponse manquante",IF(ISNUMBER(SEARCH("[",D12)),"À compléter",IF(F12="","Source manquante",IF(H12="","Non révisée",IF(J12<=TODAY(),"À réviser","OK"))))))
A13: Disponibilités et réservation | B13: Puis-je décaler mon rendez-vous ? | C13: Je dois changer mon rendez-vous. Je peux déplacer ma réservation ? | D13: Oui, vous pouvez décaler votre rendez-vous gratuitement jusqu’à [nombre d’heures] avant le créneau, ici : [lien]. | E13: [lien] | F13: Calendrier de réservation | G13: Responsable administratif | I13: 7 | J13: =IF(OR(H13="",I13=""),"",H13+I13) | K13: =IF(B13="","",IF(D13="","Réponse manquante",IF(ISNUMBER(SEARCH("[",D13)),"À compléter",IF(F13="","Source manquante",IF(H13="","Non révisée",IF(J13<=TODAY(),"À réviser","OK"))))))
A14: Disponibilités et réservation | B14: Intervenez-vous dans mon secteur ? | C14: Vous couvrez [ville] ? Jusqu’où vous déplacez-vous ? | D14: Notre zone d’intervention : [zones]. Pour une autre adresse, indiquez-la-nous et [collègue] vous confirmera si nous pouvons venir. | E14: [lien] | F14: Calendrier de réservation | G14: Responsable administratif | I14: 7 | J14: =IF(OR(H14="",I14=""),"",H14+I14) | K14: =IF(B14="","",IF(D14="","Réponse manquante",IF(ISNUMBER(SEARCH("[",D14)),"À compléter",IF(F14="","Source manquante",IF(H14="","Non révisée",IF(J14<=TODAY(),"À réviser","OK"))))))
A15: Ce que vous faites ou non | B15: Proposez-vous [service] ? | C15: Vous faites [service] ? Vous pouvez m’aider pour [tâche] ? | D15: Oui, nous proposons [service] pour [type de client]. Cela comprend [éléments principaux]. | E15: [lien] | F15: Page des services | G15: Dirigeant | I15: 90 | J15: =IF(OR(H15="",I15=""),"",H15+I15) | K15: =IF(B15="","",IF(D15="","Réponse manquante",IF(ISNUMBER(SEARCH("[",D15)),"À compléter",IF(F15="","Source manquante",IF(H15="","Non révisée",IF(J15<=TODAY(),"À réviser","OK"))))))
A16: Ce que vous faites ou non | B16: Qu’est-ce qui n’est pas inclus ? | C16: Vous faites aussi [service associé] ? | D16: Nous ne réalisons pas [prestations exclues]. Pour cela, nous vous conseillons [partenaire ou solution]. | E16: [lien] | F16: Page des services | G16: Dirigeant | I16: 90 | J16: =IF(OR(H16="",I16=""),"",H16+I16) | K16: =IF(B16="","",IF(D16="","Réponse manquante",IF(ISNUMBER(SEARCH("[",D16)),"À compléter",IF(F16="","Source manquante",IF(H16="","Non révisée",IF(J16<=TODAY(),"À réviser","OK"))))))
A17: Ce que vous faites ou non | B17: Travaillez-vous avec [type de client] ? | C17: C’est pour les petites entreprises ? Vous prenez les petits travaux ? | D17: Nous travaillons avec [types de clients]. En dessous de [montant minimum], un projet ne correspond généralement pas à notre offre. | E17: [lien] | F17: Page des services | G17: Dirigeant | I17: 90 | J17: =IF(OR(H17="",I17=""),"",H17+I17) | K17: =IF(B17="","",IF(D17="","Réponse manquante",IF(ISNUMBER(SEARCH("[",D17)),"À compléter",IF(F17="","Source manquante",IF(H17="","Non révisée",IF(J17<=TODAY(),"À réviser","OK"))))))
A18: Ce que vous faites ou non | B18: De quoi avez-vous besoin pour commencer ? | C18: Comment on démarre ? Quelles informations vous faut-il ? | D18: Envoyez-nous [informations] et nous vous répondrons avec [prochaine étape] sous [délai]. | E18: [lien] | F18: Page des services | G18: Dirigeant | I18: 90 | J18: =IF(OR(H18="",I18=""),"",H18+I18) | K18: =IF(B18="","",IF(D18="","Réponse manquante",IF(ISNUMBER(SEARCH("[",D18)),"À compléter",IF(F18="","Source manquante",IF(H18="","Non révisée",IF(J18<=TODAY(),"À réviser","OK"))))))
A19: Ce que vous faites ou non | B19: Pouvez-vous traiter une demande sur mesure ? | C19: J’ai besoin de quelque chose de spécial. Vous pouvez faire une exception ? | D19: Les demandes sur mesure sont possibles pour [cas]. [Collègue] vous le confirmera après avoir vu les détails. | E19: [lien] | F19: Page des services | G19: Dirigeant | I19: 90 | J19: =IF(OR(H19="",I19=""),"",H19+I19) | K19: =IF(B19="","",IF(D19="","Réponse manquante",IF(ISNUMBER(SEARCH("[",D19)),"À compléter",IF(F19="","Source manquante",IF(H19="","Non révisée",IF(J19<=TODAY(),"À réviser","OK"))))))
A20: Délais et livraison | B20: Combien de temps cela prend-il ? | C20: Ce sera prêt quand ? Ça prend combien de jours ? | D20: Comptez en général [durée] à partir de [événement de départ]. Les projets importants ou sur mesure prennent [fourchette]. | E20: [lien] | F20: Planning de livraison ou de projet | G20: Responsable des opérations | I20: 30 | J20: =IF(OR(H20="",I20=""),"",H20+I20) | K20: =IF(B20="","",IF(D20="","Réponse manquante",IF(ISNUMBER(SEARCH("[",D20)),"À compléter",IF(F20="","Source manquante",IF(H20="","Non révisée",IF(J20<=TODAY(),"À réviser","OK"))))))
A21: Délais et livraison | B21: Quand pouvez-vous commencer ? | C21: Vous pouvez démarrer dans combien de temps ? | D21: Nous commençons [délai] après [l’acompte ou la confirmation]. Vous recevrez [notification] au démarrage des travaux. | E21: [lien] | F21: Planning de livraison ou de projet | G21: Responsable des opérations | I21: 30 | J21: =IF(OR(H21="",I21=""),"",H21+I21) | K21: =IF(B21="","",IF(D21="","Réponse manquante",IF(ISNUMBER(SEARCH("[",D21)),"À compléter",IF(F21="","Source manquante",IF(H21="","Non révisée",IF(J21<=TODAY(),"À réviser","OK"))))))
A22: Délais et livraison | B22: Livrez-vous à [destination] ? | C22: Vous livrez à l’étranger ? Combien coûte la livraison ? | D22: Nous livrons [zones] sous [délai]. Frais de livraison : [prix ou règle]. | E22: [lien] | F22: Planning de livraison ou de projet | G22: Responsable des opérations | I22: 30 | J22: =IF(OR(H22="",I22=""),"",H22+I22) | K22: =IF(B22="","",IF(D22="","Réponse manquante",IF(ISNUMBER(SEARCH("[",D22)),"À compléter",IF(F22="","Source manquante",IF(H22="","Non révisée",IF(J22<=TODAY(),"À réviser","OK"))))))
... A34: Contact et support | B34: Puis-je modifier ma commande ou mes coordonnées ? | C34: Je dois mettre à jour ma réservation ou mon adresse. | D34: Oui. Envoyez la modification ici avec votre [numéro de commande ou nom], et [collègue] vous la confirmera. | E34: [lien] | F34: Page Contact | G34: Responsable support | I34: 90 | J34: =IF(OR(H34="",I34=""),"",H34+I34) | K34: =IF(B34="","",IF(D34="","Réponse manquante",IF(ISNUMBER(SEARCH("[",D34)),"À compléter",IF(F34="","Source manquante",IF(H34="","Non révisée",IF(J34<=TODAY(),"À réviser","OK"))))))
J35: =IF(OR(H35="",I35=""),"",H35+I35) | K35: =IF(B35="","",IF(D35="","Réponse manquante",IF(ISNUMBER(SEARCH("[",D35)),"À compléter",IF(F35="","Source manquante",IF(H35="","Non révisée",IF(J35<=TODAY(),"À réviser","OK"))))))
J36: =IF(OR(H36="",I36=""),"",H36+I36) | K36: =IF(B36="","",IF(D36="","Réponse manquante",IF(ISNUMBER(SEARCH("[",D36)),"À compléter",IF(F36="","Source manquante",IF(H36="","Non révisée",IF(J36<=TODAY(),"À réviser","OK"))))))
J37: =IF(OR(H37="",I37=""),"",H37+I37) | K37: =IF(B37="","",IF(D37="","Réponse manquante",IF(ISNUMBER(SEARCH("[",D37)),"À compléter",IF(F37="","Source manquante",IF(H37="","Non révisée",IF(J37<=TODAY(),"À réviser","OK"))))))
J38: =IF(OR(H38="",I38=""),"",H38+I38) | K38: =IF(B38="","",IF(D38="","Réponse manquante",IF(ISNUMBER(SEARCH("[",D38)),"À compléter",IF(F38="","Source manquante",IF(H38="","Non révisée",IF(J38<=TODAY(),"À réviser","OK"))))))
J39: =IF(OR(H39="",I39=""),"",H39+I39) | K39: =IF(B39="","",IF(D39="","Réponse manquante",IF(ISNUMBER(SEARCH("[",D39)),"À compléter",IF(F39="","Source manquante",IF(H39="","Non révisée",IF(J39<=TODAY(),"À réviser","OK"))))))
J40: =IF(OR(H40="",I40=""),"",H40+I40) | K40: =IF(B40="","",IF(D40="","Réponse manquante",IF(ISNUMBER(SEARCH("[",D40)),"À compléter",IF(F40="","Source manquante",IF(H40="","Non révisée",IF(J40<=TODAY(),"À réviser","OK"))))))
J41: =IF(OR(H41="",I41=""),"",H41+I41) | K41: =IF(B41="","",IF(D41="","Réponse manquante",IF(ISNUMBER(SEARCH("[",D41)),"À compléter",IF(F41="","Source manquante",IF(H41="","Non révisée",IF(J41<=TODAY(),"À réviser","OK"))))))
J42: =IF(OR(H42="",I42=""),"",H42+I42) | K42: =IF(B42="","",IF(D42="","Réponse manquante",IF(ISNUMBER(SEARCH("[",D42)),"À compléter",IF(F42="","Source manquante",IF(H42="","Non révisée",IF(J42<=TODAY(),"À réviser","OK"))))))
J43: =IF(OR(H43="",I43=""),"",H43+I43) | K43: =IF(B43="","",IF(D43="","Réponse manquante",IF(ISNUMBER(SEARCH("[",D43)),"À compléter",IF(F43="","Source manquante",IF(H43="","Non révisée",IF(J43<=TODAY(),"À réviser","OK"))))))
J44: =IF(OR(H44="",I44=""),"",H44+I44) | K44: =IF(B44="","",IF(D44="","Réponse manquante",IF(ISNUMBER(SEARCH("[",D44)),"À compléter",IF(F44="","Source manquante",IF(H44="","Non révisée",IF(J44<=TODAY(),"À réviser","OK"))))))
J45: =IF(OR(H45="",I45=""),"",H45+I45) | K45: =IF(B45="","",IF(D45="","Réponse manquante",IF(ISNUMBER(SEARCH("[",D45)),"À compléter",IF(F45="","Source manquante",IF(H45="","Non révisée",IF(J45<=TODAY(),"À réviser","OK"))))))
J46: =IF(OR(H46="",I46=""),"",H46+I46) | K46: =IF(B46="","",IF(D46="","Réponse manquante",IF(ISNUMBER(SEARCH("[",D46)),"À compléter",IF(F46="","Source manquante",IF(H46="","Non révisée",IF(J46<=TODAY(),"À réviser","OK"))))))
... J204: =IF(OR(H204="",I204=""),"",H204+I204) | K204: =IF(B204="","",IF(D204="","Réponse manquante",IF(ISNUMBER(SEARCH("[",D204)),"À compléter",IF(F204="","Source manquante",IF(H204="","Non révisée",IF(J204<=TODAY(),"À réviser","OK"))))))

Sheet Test de lancement
A1: Test de lancement
A2: Posez chaque question dans l’aperçu du bot et choisissez Réussi ou Échoué. Ne mettez l’IA en ligne que lorsque les 10 tests sont réussis.
A4: N° | B4: Type | C4: Question de test | D4: Réponse attendue | E4: Résultat | F4: Notes
A5: 1 | B5: Question dans la base | C5: Combien coûte [votre service principal] ? | D5: Le prix, ce qui est inclus et le lien de la fiche | H5: Réussi
A6: 2 | B6: Question dans la base | C6: Quel est votre prochain créneau libre ? | D6: Le lien de réservation de la fiche | H6: Échoué
A7: 3 | B7: Question dans la base | C7: Faites-vous [un service que vous proposez] ? | D7: Oui, avec ce qui est inclus
A8: 4 | B8: Question dans la base | C8: Combien de temps prend [votre service principal] ? | D8: La fourchette habituelle et ce qui lance le décompte
A9: 5 | B9: Question dans la base | C9: Quelle est votre politique de remboursement ? | D9: Le texte de la politique et le lien, sans exception
A10: 6 | B10: Question dans la base | C10: Puis-je parler à une personne ? | D10: Transmet le chat avec le délai de réponse promis
A11: 7 | B11: Autre formulation | C11: vous bossez le week-end | D11: La même réponse que la fiche des horaires d’ouverture
A12: 8 | B12: Autre formulation | C12: [Votre question la plus fréquente dans une autre langue] | D12: La même réponse, dans la langue du client
A13: 9 | B13: Information absente | C13: Faites-vous aussi [un service que vous ne proposez pas et n’avez pas listé] ? | D13: Dit qu’elle ne sait pas et propose une personne
A14: 10 | B14: Limite | C14: Puis-je avoir une remise si je réserve aujourd’hui ? | D14: Aucune promesse, propose de transmettre la demande à une personne

Sheet Synthèse
A1: Synthèse
A3: Catégorie | B3: Fiches | C3: OK | D3: À réviser | E3: À finaliser
A4: Tarifs et formules | B4: =COUNTIF('Base de connaissances'!$A$5:$A$204,A4) | C4: =COUNTIFS('Base de connaissances'!$A$5:$A$204,A4,'Base de connaissances'!$K$5:$K$204,"OK") | D4: =COUNTIFS('Base de connaissances'!$A$5:$A$204,A4,'Base de connaissances'!$K$5:$K$204,"À réviser") | E4: =B4-C4-D4
A5: Disponibilités et réservation | B5: =COUNTIF('Base de connaissances'!$A$5:$A$204,A5) | C5: =COUNTIFS('Base de connaissances'!$A$5:$A$204,A5,'Base de connaissances'!$K$5:$K$204,"OK") | D5: =COUNTIFS('Base de connaissances'!$A$5:$A$204,A5,'Base de connaissances'!$K$5:$K$204,"À réviser") | E5: =B5-C5-D5
A6: Ce que vous faites ou non | B6: =COUNTIF('Base de connaissances'!$A$5:$A$204,A6) | C6: =COUNTIFS('Base de connaissances'!$A$5:$A$204,A6,'Base de connaissances'!$K$5:$K$204,"OK") | D6: =COUNTIFS('Base de connaissances'!$A$5:$A$204,A6,'Base de connaissances'!$K$5:$K$204,"À réviser") | E6: =B6-C6-D6
A7: Délais et livraison | B7: =COUNTIF('Base de connaissances'!$A$5:$A$204,A7) | C7: =COUNTIFS('Base de connaissances'!$A$5:$A$204,A7,'Base de connaissances'!$K$5:$K$204,"OK") | D7: =COUNTIFS('Base de connaissances'!$A$5:$A$204,A7,'Base de connaissances'!$K$5:$K$204,"À réviser") | E7: =B7-C7-D7
A8: Remboursement, annulation, garantie | B8: =COUNTIF('Base de connaissances'!$A$5:$A$204,A8) | C8: =COUNTIFS('Base de connaissances'!$A$5:$A$204,A8,'Base de connaissances'!$K$5:$K$204,"OK") | D8: =COUNTIFS('Base de connaissances'!$A$5:$A$204,A8,'Base de connaissances'!$K$5:$K$204,"À réviser") | E8: =B8-C8-D8
A9: Contact et support | B9: =COUNTIF('Base de connaissances'!$A$5:$A$204,A9) | C9: =COUNTIFS('Base de connaissances'!$A$5:$A$204,A9,'Base de connaissances'!$K$5:$K$204,"OK") | D9: =COUNTIFS('Base de connaissances'!$A$5:$A$204,A9,'Base de connaissances'!$K$5:$K$204,"À réviser") | E9: =B9-C9-D9
A11: Totaux
A12: Fiches réponses | B12: =SUM(B4:B9)
A13: Prêtes (OK) | B13: =SUM(C4:C9)
A14: À réviser | B14: =SUM(D4:D9)
A15: À finaliser | B15: =SUM(E4:E9)
A16: Tests réussis | B16: =COUNTIF('Test de lancement'!$E$5:$E$14,"Réussi")
A17: Tests échoués | B17: =COUNTIF('Test de lancement'!$E$5:$E$14,"Échoué")
A18: Tests non lancés | B18: =10-B16-B17
A20: Modèle gratuit de CRMsoftware.pro. Copiez-le, modifiez-le et utilisez-le dans votre entreprise.
